 Dungeon Crawl Stone Soup version 0.17-a0-1596-g1e86911 (webtiles) character file.

699625 dorian the Skullcrusher (level 27, -4/338 HPs)
             Began as an Ogre Berserker on July 29, 2015.
             Was the Champion of the Shining One.
             Slain by an iron troll (19 damage)
             ... created by the rage of Trog
             ... on level 10 of a ziggurat on July 30, 2015.
             The game lasted 06:40:18 (86521 turns).

dorian the Skullcrusher (Ogre Berserker)           Turns: 86521, Time: 06:40:19

Health: -4/338     AC: 34    Str: 42 (43) XL:     27
Magic:  27/27      EV: 16    Int: 10      God:    the Shining One [******]
Gold:   10186      SH:  0    Dex: 17      Spells: 5 memorised, 20 levels left

rFire  + + +     SeeInvis +     L - +9 executioner's axe (holy)
rCold  + + +     Clarity  +     v - +6 gold dragon armour
rNeg   + + +     SustAt   .     (no shield)
rPois  +         Gourm    .     b - +0 hat of Cheibriados's Delight {rElec MR+ Regen+ rCorr}
rElec  +         Spirit   .     B - +2 cloak {MR+}
rCorr  +         Warding  +     (gloves unavailable)
rMut   .         Stasis   .     (boots unavailable)
MR     ++++.                    y - amulet "Agik" {Ward *Corrode rN+ Str+10 Slay+3}
Stlth  ..........               N - ring of Jaipnix {rF+ Dex+4 SInv}
                                H - ring of the Six Songs {+Fly rF+ rC+ MR-}

@: glowing, incredibly resistant to hostile enchantments, extremely unstealthy
A: unfitting armour, claws 1, iridescent scales 1, agile 1, blurry vision 1,
clarity, cold resistance 1, deformed body, deterioration 1, low mp 1, magic
resistance 1, robust 1, screaming 1, tough skin 1
a: Divine Shield, Cleansing Flame, Summon Divine Warrior, Renounce Religion,
Evoke Flight
}: 4/15 runes: decaying, slimy, silver, gossamer


You were on level 10 of a ziggurat.
You worshipped the Shining One.
The Shining One was exalted by your worship.
You were not hungry.

You visited 13 branches of the dungeon, and saw 64 of its levels.
You visited the Abyss 1 time.
You visited 1 ziggurat, and saw 10 of its levels.

You collected 12247 gold pieces.
You spent 2061 gold pieces at shops.

Inventory:

Hand weapons
 r - the +7 giant spiked club of Zigioraq {freeze, rElec Str+3}
   (Trog gifted it to you on level 4 of the Vaults)

   It has been specially enchanted to freeze those struck by it, causing extra
   injury to most foes and up to half again as much damage against particularly
   susceptible opponents.
   It can also slow down cold-blooded creatures.
   It affects your strength (+3).
   It insulates you from electricity.
 L - a +9 executioner's axe of holy wrath (weapon)
Missiles
 t - 19 javelins of penetration
 V - 116 large rocks (quivered)
Armour
 b - the +0 hat of Cheibriados's Delight (worn) {rElec MR+ Regen+ rCorr}
   (You found it on level 13 of the Dungeon)

   It insulates you from electricity.
   It affects your resistance to hostile enchantments.
   It increases your rate of regeneration.
   It protects you from acid and corrosion.
 v - a +6 gold dragon armour (worn)
 B - a +2 cloak of magic resistance (worn)
Rods
 k - a +4 lightning rod (12/12)
   (You found it on level 4 of a ziggurat)
 p - a +5 rod of clouds (13/13)
   (You found it on level 5 of a ziggurat)
Jewellery
 h - an uncursed ring of protection from cold
 o - the ring "Fibadyl" {Str+6 Stlth+}
   (You found it on level 4 of a ziggurat)

   [ring of stealth]

   It affects your strength (+6).
   It makes you more stealthy.
 w - the ring of Koluriru {rF+++ MR+ MP-9 Dex-2 Stlth-}
   (You found it on level 6 of a ziggurat)

   [ring of loudness]

   It affects your dexterity (-2).
   It renders you almost immune to fire.
   It affects your resistance to hostile enchantments.
   It affects your magic capacity (-9).
   It makes you less stealthy.
 y - the amulet "Agik" (around neck) {Ward *Corrode rN+ Str+10 Slay+3}
   (You found it on level 3 of the Crypt)

   [amulet of warding]

   It may prevent the melee attacks of summoned creatures.
   It affects your strength (+10).
   It affects your accuracy and damage with ranged weapons and melee attacks
   (+3).
   It protects you from negative energy.
   It may corrode your equipment when you take damage.
 E - the ring "Hirichot" {*Drain rElec rPois MR- Dex+4}
   (You found it on level 7 of a ziggurat)

   [ring of dexterity]

   It affects your dexterity (+4).
   It insulates you from electricity.
   It protects you from poison.
   It affects your resistance to hostile enchantments.
   It causes draining when unequipped.
 H - the ring of the Six Songs (left claw) {+Fly rF+ rC+ MR-}
   (You found it on level 6 of the Pits of Slime)

   [ring of protection from cold]

   It protects you from fire.
   It protects you from cold.
   It affects your resistance to hostile enchantments.
   It lets you fly.
 I - the ring of the Nightingale {+/*Tele +Blink Stlth+}
   (You found it on level 8 of a ziggurat)

   [ring of teleportation]

   It may teleport you to nearby monsters, and can be evoked to randomly
   teleport.
   It lets you blink.
   It makes you more stealthy.
 N - the ring of Jaipnix (right claw) {rF+ Dex+4 SInv}
   (You found it on level 6 of the Lair of Beasts)

   [ring of dexterity]

   It affects your dexterity (+4).
   It protects you from fire.
   It lets you see invisible.
Magical devices
 s - a wand of teleportation (4)
 A - a wand of fireball (6)
 F - a wand of teleportation (2)
 X - a wand of fireball (10)
Scrolls
 d - 25 scrolls of remove curse
 e - 3 scrolls of recharging
 f - a scroll of brand weapon
 i - a scroll of blinking
 j - a scroll of amnesia
 l - 3 scrolls of identify
 z - 10 scrolls of fog
 M - a scroll of teleportation
Potions
 c - 11 potions of heal wounds
 g - 4 potions of cancellation
 m - 4 potions of resistance
 q - 23 potions of curing
 C - 3 potions of might
 J - a potion of berserk rage
 Y - 8 potions of haste
Books
 u - a book of the Dragon

   Spells                             Type                      Level
   a - Flame Tongue                   Conjuration/Fire             1
   b - Cause Fear                     Hexes                        4
   c - Bolt of Fire                   Conjuration/Fire             6
   d - Dragon Form                    Transmutation                7
   e - Dragon's Call                  Summoning                    9
 D - the Tome of Enchantment and Confrontation
   (You found it on level 7 of a ziggurat)

   Spells                             Type                      Level
   a - Flame Tongue                   Conjuration/Fire             1
   b - Slow                           Hexes                        2
   c - Summon Guardian Golem          Hexes/Summoning              3
   d - Fulminant Prism                Conjuration/Hexes            4
   e - Leda's Liquefaction            Hexes/Earth                  4
   f - Silence                        Hexes/Air                    5
 R - a book of Minor Magic

   Spells                             Type                      Level
   a - Magic Dart                     Conjuration                  1
   b - Blink                          Translocation                2
   c - Call Imp                       Summoning                    2
   d - Repel Missiles                 Charms/Air                   2
   e - Slow                           Hexes                        2
   f - Conjure Flame                  Conjuration/Fire             3
   g - Mephitic Cloud                 Conjuration/Poison/Air       3
Miscellaneous
 P - a legendary deck of defence {the Helm}
Comestibles
 n - 24 bread rations


   Skills:
 - Level 23.8 Fighting
 + Level 7.5(13.8) Axes
 O Level 27 Maces & Flails
 - Level 22.7 Throwing
 - Level 24.7 Armour
 - Level 16.3 Dodging
 - Level 5.3 Spellcasting
 - Level 3.0 Invocations


You had 20 spell levels left.
You knew the following spells:

 Your Spells              Type           Power        Failure   Level  Hunger
a - Swiftness             Chrm/Air       #.......     97%         2    ##.....
b - Repel Missiles        Chrm/Air       #.....       97%         2    ##.....
c - Aura of Abjuration    Summ           #.........   100%        5    ######.
d - Silence               Hex/Air        #.........   100%        5    ######.
e - Blink                 Tloc           N/A          97%         2    ##.....


Dungeon Overview and Level Annotations

Branches:
Dungeon (15/15)            Temple (1/1) D:4            Lair (8/8) D:8
  Swamp (4/4) Lair:5       Spider (4/4) Lair:4        Slime (6/6) Lair:7
    Orc (4/4) D:11            Elf (3/3) Orc:4        Vaults (5/5) D:14
  Crypt (3/3) Vaults:2       Tomb (0/3) Crypt:3      Depths (5/5) D:15
   Hell (1/1)                 Dis (0/7) Hell            Geh (0/7) Hell
    Coc (0/7) Hell            Tar (0/7) Hell            Zot (5/5) Depths:5

Altars:
Ashenzari
Cheibriados
Dithmenos
Fedhas
Gozag
Kikubaaqudgha
Nemelex Xobeh
Okawaru
Qazlal
Ru
Sif Muna
Trog
Xom
Yredelemnul
Zin
The Shining One
Beogh
Jiyva
Lugonu

Shops:
D:10 *   D:12 (   Orc:1 }   Orc:2 [   Orc:3 :}}%   Orc:4 ?(%[   Elf:1 %
Elf:3 %   Vaults:3 [   Vaults:4 [[[

Portals:
Hell: Depths:1 Depths:2 Depths:3 Depths:4 Depths:5
Abyss: Depths:4
Pandemonium: Depths:1 Depths:3
Trove: D:10 (give wand of hasting (9))

Annotations:
D:4 WhatIsLove's ghost, average HEWr
Slime:4 Dissolution
Elf:2 3 runed doors


Innate Abilities, Weirdness & Mutations

You are too large for most types of armour.
You have tough skin (AC +1).
You have sharp fingernails.
You are partially covered in iridescent scales (AC +4).
You are agile. (Dex +2)
Scrolls take you a little longer to read.
You possess an exceptional clarity of mind.
Your flesh is cold resistant.
Armour fits poorly on your strangely shaped body.
Your body sometimes deteriorates upon taking damage.
Your magical capacity is low (-10% MP).
You are resistant to hostile enchantments.
You are robust (+10% HP).
You occasionally shout uncontrollably at your foes.


Message History

* * * LOW HITPOINT WARNING * * *
The hill giant closely misses you.
Read which item? (? for menu, Esc to quit)
Really read with blurry vision while enemies are nearby?
Okay, then.
Unknown command.
Unknown command.
Drink which item? (? for menu, Esc to quit)
Okay, then.
Read which item? (? for menu, Esc to quit)
Okay, then.
Evoke which item? (* to show all) (? for menu, Esc to quit)
Okay, then.
Drink which item? (? for menu, Esc to quit)
You feel much better. The troll barely misses you. The troll barely misses you.
The troll claws you but does no damage. The iron troll misses you.
The iron troll claws you!!
* * * LOW HITPOINT WARNING * * *
The iron troll claws you!!
You die...

▓▓▓▓▓▓▓▓▓▓▓
▓▓.........▓▓
▓▓...........▓▓
▓▓....TCT......▓▓
▓▓...###@###.....▓▓
▓▓∩..## ###
#.....▓▓ ▓.>..+
#....∩.▓ ▓▓∩..##
### ##.....▓▓
▓▓...###.###.....▓▓
▓▓.............▓▓
▓▓...........▓▓
▓▓.........▓▓
▓▓▓▓▓▓▓▓▓▓▓


You could see an iron troll (berserk), a hill giant (berserk) and a troll
(berserk).

Vanquished Creatures
  4 ancient liches
  An orb of fire (Zig:5)
  Sojobo (Crypt:3)
  the Lernaean hydra (Swamp:4)
  Margery (Depths:5)
  Norris (Elf:3)
  Saint Roka (Depths:3)
  2 Killer Klowns (Zot:4)
  2 curse toes
  Geryon (Hell)
  5 caustic shrikes
  10 golden dragons
  Nikola (Elf:1)
  2 bone dragons
  Jorgrun (Crypt:1)
  2 hellephants
  13 tentacled monstrosities
  7 liches
  A Hell Sentinel (Zig:4)
  Asterion (Elf:1)
  2 deep elf blademasters (Elf:3)
  3 titans
  23 acid blobs
  3 deep elf master archers
  3 quicksilver dragons
  6 sphinxes
  4 ancient champions
  The ghost of urechis the Shatterer, a mighty OgFi of Okawaru (Depths:2)
  2 octopode crushers
  A tentacled starspawn (Abyss:1)
  5 thorn hunters
  Agnes (Depths:4)
  Frances (Elf:1)
  6 shadow dragons
  The ghost of Jb9000 the Covert, a mighty GrFi of Qazlal (Elf:3)
  10 storm dragons
  3 revenants
  8 tengu reavers
  5 draconian monks
  17 fire giants
  13 frost giants
  A fire giant (shapeshifter) (Depths:3)
  Donald (Crypt:3)
  14 azure jellies
  A frost giant (shapeshifter) (Vaults:4)
  Maud (D:12)
  An orc warlord (Vaults:3)
  2 balrugs (Zig:8)
  7 draconian knights
  3 iron dragons
  Aizul (Elf:1)
  9 draconian scorchers
  8 deep elf sorcerers
  2 draconian zealots
  23 vault wardens
  2 curse skulls (Crypt:3)
  8 draconian shifters
  6 ghost moths
  5 draconian annihilators
  14 ironheart preservers
  7 emperor scorpions
  4 reapers
  2 spriggan defenders (Depths:4)
  34 stone giants
  4 war gargoyles
  3 salamander firebrands (Depths:5)
  32 very ugly things
  5 vampire knights
  8 green draconians
  11 red draconians
  5 black draconians
  2 salamander stormcallers
  A lorocyproca (Depths:5)
  2 pale draconians (Depths:5)
  Azrael (D:13)
  9 deep elf demonologists
  10 mottled draconians
  8 yellow draconians
  2 dire elephants (Zot:4)
  8 deep elf annihilators
  5 white draconians
  10 purple draconians
  7 deep elf death magi
  Snorg (Lair:5)
  21 fire dragons
  An eidolon (Crypt:2)
  A green death (Depths:1)
  2 merfolk javelineers
  3 crystal guardians
  2 blizzard demons (Hell)
  4 death cobs
  A minotaur (shapeshifter) (Depths:3)
  3 mummy priests
  12 yaktaur captains
  35 vault guards
  14 ettins
  A merfolk impaler (Depths:2)
  7 deep elf high priests
  2 death oozes
  Erolcha (D:13)
  A hydra (shapeshifter) (Vaults:4)
  6 jiangshi
  19 ice dragons
  5 rakshasas
  7 spriggan air magi
  22 hydras
  4 catoblepae
  17 great orbs of eyes
  12 entropy weavers
  The ghost of kroki the Grappler, an experienced TrCK of Xom (Lair:1)
  9 centaur warriors
  Erica (D:8)
  22 deep troll shamans
  A dancing weapon (Elf:2)
  14 ogre magi
  13 death yaks (Lair:8)
  10 deep troll earth magi
  4 tengu warriors
  2 orc high priests
  2 spriggan berserkers
  7 alligators
  A thrashing horror (Abyss:1)
  8 vampire magi
  A hell hog (Abyss:1)
  An iron golem (Hell)
  35 hell knights
  6 soul eaters
  2 sun demons
  A death scarab (Zig:3)
  A wretched star (Abyss:1)
  12 iron trolls
  7 ice devils
  18 skeletal warriors
  4 wizards
  A golden dragon zombie (Crypt:2)
  A swamp dragon (shapeshifter) (Depths:5)
  An unseen horror (Abyss:1)
  17 deep elf knights
  54 deep trolls
  8 giant orange brains
  14 swamp dragons
  4 spriggan druids
  An anaconda zombie (Hell)
  An ice statue (Hell)
  7 deep elf summoners
  A tengu zombie (Zig:8)
  9 flayed ghosts
  10 necromancers
  25 ironbrand convokers
  2 anaconda skeletons (Hell)
  12 orc knights
  2 shambling mangroves
  2 anubis guards (Zig:6)
  13 orb spiders
  24 hill giants
  A wolf spider zombie (Crypt:2)
  9 deep elf conjurers
  A spectral ettin (Crypt:2)
  An iron dragon zombie (Crypt:3)
  A shadow dragon skeleton (Crypt:1)
  66 ugly things
  6 cyclopes
  13 phantasmal warriors
  10 shining eyes
  12 hornets
  A fire giant zombie (Vaults:3)
  2 tengu skeletons
  5 orc sorcerers
  A moth of wrath (shapeshifter) (Elf:3)
  7 griffons
  2 harpies (shapeshifter)
  5 oklob plants
  A human zombie (Vaults:3)
  A shock serpent zombie (Crypt:3)
  2 salamanders
  14 wolf spiders
  2 stone giant zombies
  A worldbinder (Abyss:1)
  A manticore (shapeshifter) (Abyss:1)
  4 manticores
  2 sixfirhies (Abyss:1)
  A water nymph (shapeshifter) (Vaults:5)
  2 elephants (shapeshifter)
  11 smoke demons
  2 stone giant skeletons
  3 centaur zombies
  9 elephants
  11 moths of wrath
  A frost giant skeleton (Crypt:3)
  A dire elephant zombie (Crypt:2)
  2 fire giant skeletons
  An apocalypse crab (Abyss:1)
  4 black mambas
  Psyche (D:8)
  2 torpor snails
  8 vault sentinels
  A black mamba (shapeshifter) (Depths:2)
  7 rust devils
  8 eyes of devastation
  6 gargoyles
  An elephant slug zombie (Crypt:1)
  A storm dragon simulacrum (Depths:4)
  2 orange demons
  5 hellions
  An emperor scorpion zombie (Crypt:3)
  20 spiny frogs
  2 efreet
  46 yaktaurs
  An ancient zyme (Abyss:1)
  10 komodo dragons
  A blue devil (Depths:5)
  16 jumping spiders
  5 large abominations
  3 tengu conjurers
  7 freezing wraiths
  8 demonic crawlers
  A catoblepas skeleton (Crypt:3)
  7 guardian mummies
  2 hydra zombies
  10 deep elf priests
  6 giant leeches
  3 fire drakes
  2 hellwings
  4 polar bears (Crypt:3)
  A queen bee (Lair:4)
  6 red devils
  19 trolls
  A jumping spider (shapeshifter) (Vaults:4)
  26 two-headed ogres
  6 bog bodies
  A hydra skeleton (Hell)
  160 slime creatures
  A harpy skeleton (Crypt:2)
  A raiju (shapeshifter) (Depths:4)
  3 ushabtiu
  37 blink frogs
  An alligator zombie (Hell)
  10 boulder beetles
  5 shadows
  11 wraiths
  32 tarantellas
  9 spriggans
  17 trapdoor spiders
  An ice dragon skeleton (Crypt:3)
  5 starcursed masses (Abyss:1)
  12 water elementals
  An ettin skeleton (Crypt:2)
  Sigmund (D:6)
  2 redbacks (shapeshifter)
  A fire dragon skeleton (Crypt:3)
  3 flying skulls
  7 humans (Zot:4)
  5 wyverns
  65 redbacks
  13 air elementals
  23 deep elf magi
  2 spriggans (shapeshifter)
  2 tarantellas (shapeshifter)
  27 deep elf fighters
  A vampire (D:14)
  2 elf zombies
  6 steam dragons
  2 ynoxinuls (Abyss:1)
  5 golden eyes
  12 wargs
  25 yaks
  14 hippogriffs
  8 hungry ghosts
  Grum (Lair:1)
  27 vampire mosquitoes
  7 fire elementals
  12 wolves
  17 insubstantial wisps
  32 swamp worms
  26 water moccasins
  A merfolk zombie (Crypt:2)
  3 neqoxecs
  2 deep troll zombies
  A water nymph zombie (Crypt:2)
  3 mottled dragons
  7 hell hounds
  A soldier ant (shapeshifter) (Depths:2)
  10 small abominations
  2 soldier ants
  A water moccasin (shapeshifter) (Depths:5)
  An infernal demonspawn skeleton (Crypt:1)
  2 sky beasts
  12 spiders
  A warg (shapeshifter) (Depths:3)
  32 orc warriors
  A spiny frog zombie (Hell)
  2 black bears (shapeshifter)
  18 swamp drakes
  17 wasps
  An eye of draining (shapeshifter) (Vaults:4)
  14 ice beasts
  2 snapping turtle zombies
  3 spiny frog skeletons
  12 eyes of draining
  A necrophage (D:12)
  13 porcupines
  10 centaurs
  A swamp dragon zombie (Crypt:1)
  6 black bears
  8 boggarts
  3 phantoms
  31 killer bees
  A manticore skeleton (Crypt:3)
  14 crocodiles
  A tengu (shapeshifter) (Elf:1)
  An alligator simulacrum (Hell)
  70 ogres
  3 brain worms
  Blork the orc (D:6)
  A draconian zombie (Crypt:2)
  2 elf skeletons
  A spiny frog simulacrum (Hell)
  26 giant frogs
  2 wyvern zombies
  3 earth elementals (Zig:4)
  7 scorpions
  A wyvern skeleton (D:11)
  12 wights
  3 electric eels
  3 crimson imps
  2 giant frog zombies
  23 orc wizards
  31 jellies
  9 hounds
  3 centaur skeletons
  A giant frog skeleton (Crypt:1)
  Crazy Yiuf (D:7)
  24 orc priests
  6 iron imps
  A human skeleton (Crypt:3)
  A two-headed ogre skeleton (Crypt:1)
  2 quasits
  14 iguanas
  A lightning spire (Zig:6)
  12 hell rats
  11 worker ants
  9 sheep
  13 mummies
  11 adders
  7 gnolls
  65 river rats
  9 shadow imps
  4 white imps
  An ufetubus (Depths:1)
  2 oozes
  A sheep zombie (Crypt:2)
  2 adder skeletons
  An adder zombie (D:6)
  11 worms
  166 orcs
  An orc (shapeshifter) (Vaults:5)
  2 bat skeletons
  4 giant cockroaches
  35 goblins
  21 hobgoblins
  25 kobolds
  25 bats
  5 giant geckos
  A giant gecko skeleton (D:5)
  7 giant newts
  A gnoll skeleton (Crypt:1)
  A goblin skeleton (Crypt:2)
  11 jackals
  9 quokkas
  3 quokka skeletons
  A quokka zombie (Crypt:2)
  21 rats
  A bush (D:9)
  3 crawling corpses
  4 fungi
  2 lost souls
  A lurking horror (Abyss:1)
  14 plants
  2 starspawn tentacles (Abyss:1)
3209 creatures vanquished.

Vanquished Creatures (collateral kills)
  the royal jelly (Slime:6)
  2 acid blobs
  A frost giant (Vaults:5)
  2 azure jellies (Slime:6)
  3 death oozes (Slime:6)
  An eidolon (Abyss:1)
  A wretched star (Abyss:1)
  A smoke demon (Abyss:1)
  A rust devil (Abyss:1)
  3 slime creatures
  A small abomination (Abyss:1)
17 creatures vanquished.

Vanquished Creatures (others)
  A fire dragon (Zig:5)
  A spriggan druid (Zig:7)
  An anaconda skeleton (Hell)
  A fire giant zombie (Hell)
  A yaktaur zombie (Hell)
  2 fire drakes (Zig:5)
  2 red devils (Hell)
  A blink frog (Zig:7)
  An air elemental (Depths:4)
  An elf zombie (Hell)
  A deep elf mage (Vaults:5)
  A fire elemental (Hell)
  A hell hound (Hell)
  An ogre (Depths:1)
  2 killer bees (D:8)
  A crimson imp (Depths:5)
  3 jellies
  2 briar patches (Swamp:4)
  12 fungi
  9 lost souls
  23 plants
  2 starspawn tentacles (Abyss:1)
  3 starspawn tentacle segments (Abyss:1)
73 creatures vanquished.

Grand Total: 3299 creatures vanquished

Notes
Turn   | Place    | Note
--------------------------------------------------------------
     0 | D:1      | dorian the Ogre Berserker began the quest for the Orb.
     0 | D:1      | Reached XP level 1. HP: 24/24 MP: 1/1
   150 | D:1      | Reached XP level 2. HP: 18/32 MP: 2/2
   617 | D:1      | Acquired Trog's second power
   617 | D:1      | Reached skill level 1 in Throwing
  1006 | D:2      | Reached XP level 3. HP: 26/40 MP: 3/3
  1382 | D:2      | Reached skill level 5 in Maces & Flails
  1542 | D:2      | Reached XP level 4. HP: 45/49 MP: 4/4
  2090 | D:3      | Reached skill level 5 in Fighting
  2180 | D:3      | Found a basalt altar of Yredelemnul.
  2238 | D:3      | Reached XP level 5. HP: 46/57 MP: 5/5
  2753 | D:4      | Noticed an ogre
  2759 | D:4      | Killed an ogre
  2759 | D:4      | Reached skill level 6 in Maces & Flails
  2759 | D:4      | Reached XP level 6. HP: 67/67 MP: 6/6
  2847 | D:4      | Noticed an ice beast
  2864 | D:4      | Noticed WhatIsLove's ghost (average HEWr)
  2891 | D:3      | Killed an ice beast
  2891 | D:3      | Reached XP level 7. HP: 50/76 MP: 7/7
  3021 | D:4      | Found a staircase to the Ecumenical Temple.
  3040 | Temple   | Entered the Ecumenical Temple
  3170 | D:4      | Noticed an ogre
  3218 | D:3      | Reached skill level 7 in Maces & Flails
  3572 | D:4      | Killed an ogre
  3628 | D:4      | Acquired Trog's third power
  3699 | D:4      | Reached skill level 5 in Throwing
  3919 | D:5      | Entered Level 5 of the Dungeon
  4020 | D:5      | Reached skill level 8 in Maces & Flails
  4020 | D:5      | Reached XP level 8. HP: 72/87 MP: 8/8
  4035 | D:5      | Found a shimmering altar of Xom.
  4926 | D:5      | You fall through a shaft for 2 floors!
  5019 | D:7      | Found a flagged portal.
  5157 | D:6      | Noticed a two-headed ogre
  5221 | D:6      | Noticed Blork the orc
  5230 | D:6      | Killed Blork the orc
  5230 | D:6      | Received a gift from Trog
  5230 | D:6      | Reached skill level 9 in Maces & Flails
  5367 | D:6      | Killed a two-headed ogre
  5367 | D:6      | Reached XP level 9. HP: 72/98 MP: 9/9
  5463 | D:6      | Noticed Sigmund
  5483 | D:6      | Killed Sigmund
  5669 | D:5      | Reached skill level 10 in Maces & Flails
  5849 | D:5      | Gained mutation: Your mind is acute. (Int +2) [potion of mutation]
  5849 | D:5      | Gained mutation: You occasionally shout uncontrollably at your foes. [potion of mutation]
  5850 | D:5      | Gained mutation: Your magical capacity is low (-10% MP). [potion of mutation]
  5850 | D:5      | Gained mutation: You are robust (+10% HP). [potion of mutation]
  5850 | D:5      | Gained mutation: You possess an exceptional clarity of mind. [potion of mutation]
  5851 | D:5      | Gained mutation: You are resistant to hostile enchantments. [potion of mutation]
  5851 | D:5      | Gained mutation: You are partially covered in iridescent scales (AC +4). [potion of mutation]
  5851 | D:5      | Lost mutation: Your mind is acute. (Int +2) [potion of mutation]
  6502 | D:7      | Reached skill level 10 in Fighting
  6774 | D:7      | Found a sparkling altar of Nemelex Xobeh.
  6959 | D:7      | Reached skill level 11 in Maces & Flails
  7106 | D:7      | Noticed Crazy Yiuf
  7108 | D:7      | Killed Crazy Yiuf
  7255 | D:8      | Noticed Psyche
  7260 | D:8      | Killed Psyche
  7260 | D:8      | Reached XP level 10. HP: 112/122 MP: 9/9
  7270 | D:8      | Found a glowing silver altar of Zin.
  7271 | D:8      | Found an ancient bone altar of Kikubaaqudgha.
  7423 | D:8      | Received a gift from Trog
  7523 | D:8      | Received a gift from Trog
  7623 | D:8      | Found a staircase to the Lair.
  7629 | D:8      | Noticed a hill giant
  7641 | D:8      | Killed a hill giant
  7641 | D:8      | Reached skill level 12 in Maces & Flails
  7709 | D:8      | Noticed Erica
  7723 | D:8      | Killed Erica
  8058 | D:8      | Reached skill level 10 in Throwing
  8365 | D:8      | Found a blossoming altar of Fedhas.
  8559 | D:9      | Found a stormy altar of Qazlal.
  8576 | D:9      | Found a blossoming altar of Fedhas.
  8894 | D:10     | Entered Level 10 of the Dungeon
  8961 | D:9      | Reached XP level 11. HP: 135/135 MP: 9/9
  9151 | D:9      | Found a sacrificial altar of Ru.
  9398 | D:10     | Found Gaptile's Assorted Antiques.
  9531 | D:10     | Bought a scroll labeled ILU VYWAPH for 28 gold pieces
  9531 | D:10     | Bought a pearl ring for 140 gold pieces
  9531 | D:10     | Bought a scroll labeled NAOSIMETZUSCH for 28 gold pieces
  9605 | D:10     | Reached skill level 13 in Maces & Flails
  9922 | D:10     | Found a portal to a secret trove of treasure.
 10101 | D:10     | Noticed a hill giant
 10104 | D:10     | Killed a hill giant
 10389 | D:10     | Found an iron altar of Okawaru.
 10445 | D:11     | Noticed a hill giant
 10844 | D:11     | Killed a hill giant
 11152 | D:11     | Found a staircase to the Orcish Mines.
 11797 | D:12     | Received a gift from Trog
 11819 | D:12     | Noticed a hill giant
 11844 | D:12     | Killed a hill giant
 11888 | D:12     | Reached skill level 14 in Maces & Flails
 12023 | D:12     | Found Cunlinaja's Weapon Boutique.
 12240 | D:13     | Noticed an eight-headed hydra
 12243 | D:13     | Killed an eight-headed hydra
 12247 | D:13     | Noticed Maud
 12248 | D:13     | Noticed a centaur warrior
 12433 | D:12     | Killed Maud
 12433 | D:12     | Reached XP level 12. HP: 35/152 MP: 10/10
 13536 | D:13     | Killed a centaur warrior
 13591 | D:13     | Got a faintly glowing hat
 13597 | D:13     | Identified the cursed +0 hat of Cheibriados's Delight {rElec MR+ Regen+ rCorr} (You found it on level 13 of the Dungeon)
 13628 | D:13     | Noticed Erolcha
 13709 | D:13     | Noticed Azrael
 13781 | D:13     | Killed Erolcha
 13781 | D:13     | Reached skill level 15 in Maces & Flails
 13789 | D:13     | Killed Azrael
 13973 | D:13     | Reached skill level 15 in Fighting
 14071 | D:13     | Noticed a hill giant
 14078 | D:13     | Killed a hill giant
 14220 | D:13     | Received a gift from Trog
 14461 | D:13     | Reached XP level 13. HP: 159/165 MP: 11/11
 14504 | D:13     | Noticed a catoblepas
 14512 | D:13     | Killed a catoblepas
 14538 | D:13     | Reached skill level 16 in Maces & Flails
 14793 | Lair:1   | Entered Level 1 of the Lair of Beasts
 14968 | Lair:1   | Noticed kroki's ghost (experienced TrCK)
 15188 | Lair:1   | Noticed Grum
 15194 | Lair:1   | Killed Grum
 15194 | Lair:1   | Received a gift from Trog
 15471 | Lair:1   | Killed kroki's ghost
 16016 | Lair:1   | Received a gift from Trog
 16458 | Lair:3   | Received a gift from Trog
 17592 | Lair:4   | Received a gift from Trog
 17828 | Lair:4   | Reached skill level 17 in Maces & Flails
 17979 | Lair:4   | Received a gift from Trog
 18502 | Lair:4   | Received a gift from Trog
 18599 | Lair:4   | Found a hole to the Spider Nest.
 18838 | Lair:4   | Reached XP level 14. HP: 179/182 MP: 12/12
 18979 | Lair:5   | Found a staircase to the Swamp.
 19002 | Lair:5   | Got a pitted tin ring
 19006 | Lair:5   | Identified the ring "Xodwautef" {rC+ Stlth+} (You found it on level 5 of the Lair of Beasts)
 19333 | Lair:5   | Noticed Snorg
 19339 | Lair:5   | Killed Snorg
 19514 | Lair:5   | You fall through a shaft!
 20771 | Lair:6   | Got a scintillating glass ring
 20777 | Lair:6   | Identified the ring of Jaipnix {rF+ Dex+4 SInv} (You found it on level 6 of the Lair of Beasts)
 20905 | Lair:8   | Entered Level 8 of the Lair of Beasts
 20945 | Lair:7   | Received a gift from Trog
 20946 | Lair:7   | Got a bloodstained giant club {god gift}
 20947 | Lair:7   | Identified the +9 giant club "Buc Oczu" {flame, *Contam +Blink MR++} (Trog gifted it to you on level 7 of the Lair of Beasts)
 21475 | Lair:7   | Reached skill level 1 in Armour
 21563 | Lair:7   | Got a crude whip
 21693 | Lair:7   | Reached skill level 15 in Throwing
 21766 | Lair:7   | Found a staircase to the Slime Pits.
 21766 | Lair:7   | Found a viscous altar of Jiyva.
 22064 | Lair:8   | Reached skill level 18 in Maces & Flails
 22935 | Lair:8   | Received a gift from Trog
 23352 | Lair:8   | Reached XP level 15. HP: 179/192 MP: 13/13
 23438 | Lair:8   | Got a faintly glowing amber ring
 23440 | Lair:8   | Identified the +1 whip of Corporal Punishment {venom, Int-4 Dex+5} (You found it on level 7 of the Lair of Beasts)
 23441 | Lair:8   | Identified the ring of the Original Sin {rElec rC+} (You found it on level 8 of the Lair of Beasts)
 23895 | Orc:1    | Entered Level 1 of the Orcish Mines
 23962 | Orc:2    | Received a gift from Trog
 24161 | Orc:2    | Got a slimy giant club {god gift}
 24225 | Orc:2    | Found a bloodstained altar of Trog.
 24406 | Orc:2    | Found Ykoiteigg's Antique Armour Emporium.
 24468 | Orc:1    | Found Kisobaro's Gadget Emporium.
 24507 | Orc:1    | Reached skill level 19 in Maces & Flails
 24576 | Orc:1    | Found a roughly hewn altar of Beogh.
 24622 | Orc:1    | Received a gift from Trog
 24788 | Orc:1    | Identified the +5 giant club "Firr" {venom, Str+6} (Trog gifted it to you on level 2 of the Orcish Mines)
 24892 | Orc:2    | Bought a fire dragon armour for 1140 gold pieces
 25038 | Orc:3    | Found Onuroocs's Gadget Boutique.
 25259 | Orc:3    | Found Xucs's Gadget Emporium.
 25286 | Orc:3    | Found Leleirch's Food Shoppe.
 25300 | Orc:3    | Received a gift from Trog
 25388 | Orc:4    | Entered Level 4 of the Orcish Mines
 25729 | Orc:3    | Found Ryuvep's Book Emporium.
 26045 | Orc:4    | Found a staircase to the Elven Halls.
 26267 | Orc:4    | Found a deep blue altar of Sif Muna.
 26396 | Orc:4    | Received a gift from Trog
 26520 | Orc:4    | Found Hakh's Antique Weapon Emporium.
 26522 | Orc:4    | Found Emmejeph's Armour Shoppe.
 26534 | Orc:4    | Found Joyllalo's Magic Scroll Shop.
 26569 | Orc:4    | Received a gift from Trog
 26572 | Orc:4    | Reached skill level 5 in Armour
 26710 | Orc:4    | Found Silyhi's Food Emporium.
 26772 | Orc:4    | Bought a scroll of blinking for 127 gold pieces
 26772 | Orc:4    | Bought a scroll of fog for 34 gold pieces
 26772 | Orc:4    | Bought a scroll of teleportation for 51 gold pieces
 26772 | Orc:4    | Bought a scroll of fear for 59 gold pieces
 26772 | Orc:4    | Bought a scroll of fog for 34 gold pieces
 26840 | Orc:3    | Bought a wand of digging (11) for 420 gold pieces
 27558 | D:15     | Entered Level 15 of the Dungeon
 27599 | D:15     | Reached skill level 20 in Maces & Flails
 27626 | D:14     | Found a bloodstained altar of Trog.
 27827 | D:14     | Found a gate to the Vaults.
 28010 | D:15     | Found a shadowy altar of Dithmenos.
 28253 | D:15     | Found a staircase to the Depths.
 28255 | D:15     | Noticed a fire giant
 28330 | D:15     | Killed a fire giant
 28330 | D:15     | Reached XP level 16. HP: 203/203 MP: 14/14
 28534 | D:15     | Received a gift from Trog
 28605 | D:15     | Gained mutation: Your flesh is cold resistant. [potion of beneficial mutation]
 28969 | Swamp:1  | Entered Level 1 of the Swamp
 29345 | Swamp:1  | Noticed a thorn hunter
 29350 | Swamp:1  | Reached skill level 21 in Maces & Flails
 29353 | Swamp:1  | Killed a thorn hunter
 30057 | Swamp:2  | Received a gift from Trog
 30551 | Swamp:2  | Received a gift from Trog
 31012 | Swamp:4  | Entered Level 4 of the Swamp
 31197 | Swamp:3  | Received a gift from Trog
 31573 | Swamp:3  | Reached skill level 22 in Maces & Flails
 32044 | Swamp:4  | Noticed a thorn hunter
 32053 | Swamp:4  | Killed a thorn hunter
 32053 | Swamp:4  | Reached XP level 17. HP: 205/212 MP: 15/15
 32132 | Swamp:4  | Reached skill level 10 in Armour
 32341 | Swamp:4  | Received a gift from Trog
 32524 | Swamp:4  | Noticed the 27-headed Lernaean hydra
 32542 | Swamp:4  | Killed the 27-headed Lernaean hydra
 32830 | Swamp:4  | Got a decaying rune of Zot
 33687 | Elf:1    | Entered Level 1 of the Elven Halls
 33726 | Elf:1    | Noticed Frances
 33793 | Elf:1    | Reached skill level 23 in Maces & Flails
 33853 | Elf:1    | Killed Frances
 33945 | Elf:1    | Noticed Nikola
 33961 | Elf:1    | Killed Nikola
 34061 | Elf:2    | Cast into the Abyss (a Zot trap)
 34142 | Abyss:1  | Noticed a hellephant
 34157 | Abyss:1  | Killed a hellephant
 34238 | Abyss:1  | Gained mutation: You are dopey. (Int -2) [a neqoxec]
 34330 | Abyss:1  | Received a gift from Trog
 34466 | Abyss:1  | Reached XP level 18. HP: 203/222 MP: 16/16
 34714 | Elf:2    | Escaped the Abyss
 34829 | Elf:1    | Found Huguodel's Food Boutique.
 34885 | Elf:2    | Found Taorchaje's Book Shop.
 34965 | Elf:1    | Noticed Aizul
 34971 | Elf:1    | Killed Aizul
 35083 | Elf:1    | Noticed Asterion
 35085 | Elf:1    | Reached skill level 24 in Maces & Flails
 35110 | Elf:1    | Killed Asterion
 35257 | Elf:1    | Received a gift from Trog
 35670 | Elf:3    | Entered Level 3 of the Elven Halls
 35779 | Elf:2    | Got a scorched large shield
 35780 | Elf:2    | Identified the +4 large shield of Broken Taboos {MP-9 Str+2 Int+3} (You acquired it on level 2 of the Elven Halls)
 35889 | Elf:2    | Found a runed gate.
 35891 | Elf:2    | Found a runed gate.
 35891 | Elf:2    | Found a runed gate.
 36016 | Elf:3    | Found Feva's Food Emporium.
 36216 | Elf:3    | Noticed Jb9000's ghost (mighty GrFi)
 36231 | Elf:3    | Killed Jb9000's ghost
 36364 | Elf:2    | Received a gift from Trog
 36706 | Elf:3    | Received a gift from Trog
 36825 | Elf:3    | Noticed Norris
 36860 | Elf:3    | Killed Norris
 36866 | Elf:3    | Noticed a Hell Sentinel
 36978 | Elf:3    | Got a scorched halberd
 37005 | Elf:3    | Received a gift from Trog
 37011 | Elf:3    | Reached skill level 25 in Maces & Flails
 37014 | Elf:3    | Got a scorched platinum ring
 37019 | Elf:3    | Got a slimy long sword
 37242 | Elf:3    | Reached XP level 19. HP: 224/231 MP: 17/17
 37325 | Elf:2    | Identified the ring of the Shining Light {*Drain *Confuse +Blink rPois rF+} (You took it off a deep elf sorcerer on level 3 of the Elven Halls)
 38350 | D:9      | Received a gift from Trog
 38560 | Spider:1 | Entered Level 1 of the Spider Nest
 39599 | Spider:2 | Received a gift from Trog
 40217 | Spider:3 | Reached skill level 26 in Maces & Flails
 40318 | Spider:4 | Entered Level 4 of the Spider Nest
 40549 | Spider:3 | Received a gift from Trog
 40884 | Spider:3 | Received a gift from Trog
 41317 | Spider:4 | Received a gift from Trog
 41513 | Spider:4 | Gained mutation: You are agile. (Dex +2) [potion of beneficial mutation]
 41993 | Spider:4 | Reached XP level 20. HP: 225/243 MP: 0/18
 42182 | Spider:4 | Reached skill level 15 in Armour
 42203 | Spider:4 | Got a gossamer rune of Zot
 42661 | Lair:1   | Upgraded the game from 0.17-a0-1591-g7a45446 to 0.17-a0-1596-g1e86911
 42925 | Depths:1 | Entered Level 1 of the Depths
 43009 | D:15     | Received a gift from Trog
 43369 | Depths:1 | Received a gift from Trog
 43456 | Depths:1 | Got an ebony giant club {god gift}
 43681 | Depths:1 | Found a one-way gate leading to the halls of Pandemonium.
 43861 | Depths:1 | Reached skill level 27 in Maces & Flails
 43947 | Depths:1 | Found a shattered altar of Ashenzari.
 44173 | Depths:1 | Found a gateway to Hell.
 44648 | Depths:1 | Received a gift from Trog
 45187 | Depths:2 | Noticed urechis's ghost (mighty OgFi)
 45274 | Depths:2 | Killed urechis's ghost
 45453 | Depths:2 | Found a glowing golden altar of the Shining One.
 45612 | Depths:2 | Identified the +6 giant club of Sudden Death {freeze, +Fly Str+4} (Trog gifted it to you on level 1 of the Depths)
 45679 | Depths:2 | Reached XP level 21. HP: 232/250 MP: 16/18
 46187 | Depths:3 | Received a gift from Trog
 46283 | Depths:3 | Found a gateway to a ziggurat.
 46348 | Depths:3 | Found a corrupted altar of Lugonu.
 46493 | Depths:3 | Received a gift from Trog
 46493 | Depths:3 | Reached skill level 5 in Dodging
 46495 | Depths:3 | Noticed an ancient lich
 47107 | Depths:3 | Killed an ancient lich
 47235 | Depths:3 | Got an ivory giant club {god gift}
 47236 | Depths:3 | Identified the +6 giant club of the Heart {elec, *Rage rC+ rN+ Dex+2} (Trog gifted it to you on level 3 of the Depths)
 47237 | Depths:3 | Gained mutation: You have sharp fingernails. [potion of beneficial mutation]
 47468 | Depths:3 | Received a gift from Trog
 47469 | Depths:3 | Got a scorched dire flail {god gift}
 47604 | Depths:3 | Noticed Saint Roka
 47675 | Depths:3 | Killed Saint Roka
 48593 | Depths:3 | Reached XP level 22. HP: 260/260 MP: 19/19
 48750 | Depths:3 | Identified the +10 dire flail of Moderation {antimagic, rF+ Str+4 Dex+2} (Trog gifted it to you on level 3 of the Depths)
 49285 | Depths:3 | Received a gift from Trog
 49432 | Depths:4 | Noticed a caustic shrike
 49608 | Depths:4 | Killed a caustic shrike
 49712 | Depths:3 | Received a gift from Trog
 50904 | Vaults:1 | Entered Level 1 of the Vaults
 51509 | Vaults:1 | Got a brightly glowing shield
 51727 | Vaults:1 | Received a gift from Trog
 52055 | Vaults:1 | Identified the +3 shield of the Jackalope {rElec rF- MR+ Int+4} (You found it on level 1 of the Vaults)
 52660 | Vaults:2 | Received a gift from Trog
 52934 | Vaults:2 | Found a staircase to the Crypt.
 53078 | Vaults:2 | Reached skill level 10 in Dodging
 53134 | Vaults:2 | Received a gift from Trog
 53329 | Vaults:3 | Reached XP level 23. HP: 224/269 MP: 16/20
 53556 | Vaults:3 | Received a gift from Trog
 53943 | Vaults:3 | Found Mimeip's Antique Armour Shoppe.
 54340 | Vaults:4 | Received a gift from Trog
 54958 | Vaults:4 | Identified the Almanac of Combat Magic
 55443 | Vaults:4 | Found Gozag's Antique Armour Boutique.
 55615 | Vaults:4 | Received a gift from Trog
 55647 | Vaults:4 | Found Gozag's Antique Armour Shop.
 55723 | Vaults:4 | Found an opulent altar of Gozag.
 55723 | Vaults:4 | Found Gozag's Antique Armour Boutique.
 55743 | Vaults:4 | Received a gift from Trog
 55772 | Vaults:4 | Got a warped great mace {god gift}
 55773 | Vaults:4 | Identified the +3 great mace of Lies {flame, rPois rF+} (Trog gifted it to you on level 4 of the Vaults)
 56890 | Depths:4 | Noticed Agnes
 56900 | Depths:4 | Killed Agnes
 56931 | Depths:4 | Noticed a caustic shrike
 56931 | Depths:4 | Noticed a caustic shrike
 56932 | Depths:4 | Noticed a caustic shrike
 56933 | Depths:4 | Noticed a caustic shrike
 56948 | Depths:3 | Killed a caustic shrike
 56952 | Depths:3 | Killed a caustic shrike
 57180 | Depths:4 | Killed a caustic shrike
 57197 | Depths:3 | Killed a caustic shrike
 57197 | Depths:3 | Reached XP level 24. HP: 168/286 MP: 13/20
 57441 | Depths:4 | Received a gift from Trog
 57832 | Depths:4 | Got a bound turquoise ring
 57975 | Depths:4 | Received a gift from Trog
 58207 | Depths:5 | Entered Level 5 of the Depths
 58207 | Depths:5 | Noticed Margery
 58267 | Depths:4 | Found a corrupted altar of Lugonu.
 58309 | Depths:4 | Found a one-way gate to the infinite horrors of the Abyss.
 58355 | Depths:4 | Received a gift from Trog
 59487 | Depths:5 | Received a gift from Trog
 59866 | Depths:5 | Received a gift from Trog
 59917 | Depths:5 | Reached XP level 25. HP: 284/300 MP: 20/20
 59968 | Depths:5 | Killed Margery
 60185 | Depths:5 | Received a gift from Trog
 60222 | Depths:5 | Found a gate to the Realm of Zot.
 60594 | Depths:5 | Identified the ring "Quohe" {MP+9 Str+2 SInv} (You took it off a necromancer on level 4 of the Depths)
 60660 | Hell     | Entered the Vestibule of Hell
 60660 | Hell     | Noticed Geryon
 61303 | Hell     | Paralysed by the power of Zot for 4 turns
 62071 | Depths:1 | Received a gift from Trog
 63038 | Hell     | Received a gift from Trog
 63457 | Hell     | Killed Geryon
 63598 | Hell     | Found a gateway to the ashen valley of Gehenna.
 63756 | Hell     | Found a gateway to the Iron City of Dis.
 63861 | Hell     | Found a gateway to the decaying netherworld of Tartarus.
 63951 | Hell     | Found a gateway to the freezing wastes of Cocytus.
 64614 | Vaults:5 | Entered Level 5 of the Vaults
 64766 | Vaults:4 | Received a gift from Trog
 64767 | Vaults:4 | Got an iridescent giant spiked club {god gift}
 64769 | Vaults:4 | Identified the +7 giant spiked club of Zigioraq {freeze, rElec Str+3} (Trog gifted it to you on level 4 of the Vaults)
 65136 | Vaults:5 | Reached XP level 26. HP: 292/314 MP: 20/20
 65416 | Vaults:4 | Got an encrusted morningstar
 65418 | Vaults:4 | Identified the +6 morningstar of Anguish {elec, rElec rF+ MR-} (You took it off a fire giant on level 4 of the Vaults)
 65520 | Vaults:5 | Received a gift from Trog
 65599 | Vaults:5 | Got a bloodstained flail {god gift}
 66089 | Vaults:5 | Noticed an ancient lich
 66098 | Vaults:5 | Killed an ancient lich
 66298 | Vaults:4 | Received a gift from Trog
 66456 | Vaults:5 | Got a silver rune of Zot
 66711 | Vaults:5 | Identified the +3 flail "Ruragyor" {flame, rC+ Int+2 Dex+6} (Trog gifted it to you on level 5 of the Vaults)
 66879 | Vaults:5 | Identified Gory Huo's Collected Works on Beguiling and Transmigration
 67110 | Vaults:5 | Identified Operetiur's Foundations of Theurgy (You found it on level 5 of the Vaults)
 67163 | Vaults:5 | Identified the Collected Works on Excruciating Evil
 67481 | D:12     | Got a translucent sapphire amulet
 67482 | D:12     | Identified the amulet "Wacarino" {Gourm MR- Str+3 Dex+4} (You acquired it on level 12 of the Dungeon)
 67838 | Slime:1  | Entered Level 1 of the Pits of Slime
 68058 | Slime:1  | Received a gift from Trog
 68166 | Slime:1  | Found a viscous altar of Jiyva.
 68554 | Slime:1  | Received a gift from Trog
 68563 | Slime:1  | Reached XP level 27. HP: 322/326 MP: 20/20
 68735 | Slime:1  | Gained mutation: Scrolls take you a little longer to read. [a shining eye]
 69878 | Slime:5  | Received a gift from Trog
 70409 | Slime:5  | Got a smoking dire flail {god gift}
 70501 | Slime:4  | Noticed Dissolution
 70554 | Slime:4  | Lost mutation: You are dopey. (Int -2) [a shining eye]
 70742 | Slime:6  | Entered Level 6 of the Pits of Slime
 71910 | Slime:5  | Received a gift from Trog
 71995 | Slime:6  | Gained mutation: Your body sometimes deteriorates upon taking damage. [a shining eye]
 72125 | Slime:6  | Noticed the royal jelly
 72345 | Slime:6  | Found a viscous altar of Jiyva.
 72376 | Slime:6  | Received a gift from Trog
 72425 | Slime:6  | Killed the royal jelly
 72566 | Slime:6  | Got a twitching platinum ring
 72685 | Slime:6  | Got a slimy rune of Zot
 72695 | Slime:6  | Identified the ring of the Six Songs {+Fly rF+ rC+ MR-} (You found it on level 6 of the Pits of Slime)
 72726 | Slime:6  | Identified the +1 dire flail of the Ten Songs {venom, rC+ Stlth+} (Trog gifted it to you on level 5 of the Pits of Slime)
 73490 | Zot:1    | Entered Level 1 of the Realm of Zot
 73500 | Zot:1    | Received a gift from Trog
 73514 | Zot:1    | Got an iridescent giant club {god gift}
 74395 | Zot:1    | Identified the +7 giant club "Nutiguirgh" {freeze, Str+5} (Trog gifted it to you on level 1 of the Realm of Zot)
 74452 | Zot:2    | Reached skill level 15 in Dodging
 75066 | Zot:2    | Received a gift from Trog
 77501 | Zot:4    | Received a gift from Trog
 78148 | Zot:5    | Entered Level 5 of the Realm of Zot
 78152 | Zot:5    | Received a gift from Trog
 78592 | Zot:1    | Received a gift from Trog
 78880 | Depths:2 | Fell from the grace of Trog
 78880 | Depths:2 | Became a worshipper of the Shining One
 79117 | Crypt:1  | Entered Level 1 of the Crypt
 79176 | Crypt:1  | Acquired the Shining One's first power
 79262 | Crypt:1  | Acquired the Shining One's second power
 79384 | Crypt:1  | Noticed Jorgrun
 79394 | Crypt:1  | Killed Jorgrun
 79399 | Crypt:1  | Killed the ghostly Jorgrun
 79850 | Crypt:2  | Acquired the Shining One's third power
 79856 | Crypt:2  | Reached skill level 1 in Spellcasting
 80087 | Crypt:2  | Acquired the Shining One's fourth power
 80497 | Crypt:3  | Entered Level 3 of the Crypt
 80835 | Crypt:3  | Noticed Donald
 80840 | Crypt:3  | Killed Donald
 81095 | Crypt:3  | Noticed Sojobo
 81106 | Crypt:3  | Killed Sojobo
 82216 | Crypt:3  | Found an ancient bone altar of Kikubaaqudgha.
 82218 | Crypt:3  | Noticed an ancient lich
 82222 | Crypt:3  | Killed an ancient lich
 82222 | Crypt:3  | Reached skill level 1 in Invocations
 82270 | Crypt:3  | Got a ring of the Octopus King
 82272 | Crypt:3  | Got a pitted bone amulet
 82272 | Crypt:3  | Got a steaming ivory ring
 82273 | Crypt:3  | Identified a ring of the Octopus King {Wiz AC+1 EV+1 Str+1 Int+1 Dex+1} (You found it on level 3 of the Crypt)
 82275 | Crypt:3  | Identified the ring "Filed" {rN+ Int+3} (You found it on level 3 of the Crypt)
 82278 | Crypt:3  | Identified the amulet "Agik" {Ward *Corrode rN+ Str+10 Slay+3} (You found it on level 3 of the Crypt)
 82284 | Crypt:3  | Noticed an ancient lich
 82289 | Crypt:3  | Killed an ancient lich
 82743 | Crypt:3  | Reached skill level 5 in Spellcasting
 82758 | Crypt:3  | Found a staircase to the Tomb.
 82794 | Crypt:3  | Got a slimy lead ring
 82868 | Crypt:3  | Identified the ring of the Open Hand {+Fly rElec} (You found it on level 3 of the Crypt)
 83880 | Vaults:5 | Learned a level 2 spell: Swiftness
 83883 | Vaults:5 | Learned a level 2 spell: Repel Missiles
 83977 | Vaults:5 | Learned a level 5 spell: Aura of Abjuration
 84763 | Depths:2 | Identified a +9 executioner's axe of holy wrath (a +9 executioner's axe of electrocution blessed by the Shining One)
 85302 | Zig:1    | Entered Level 1 of a ziggurat
 85311 | Zig:1    | Reached skill level 1 in Axes
 85329 | Zig:2    | Entered Level 2 of a ziggurat
 85384 | Zig:3    | Entered Level 3 of a ziggurat
 85505 | Zig:4    | Entered Level 4 of a ziggurat
 85535 | Zig:4    | Got an ancient jade ring
 85538 | Zig:4    | Identified the ring "Fibadyl" {Str+6 Stlth+} (You found it on level 4 of a ziggurat)
 85543 | Zig:5    | Entered Level 5 of a ziggurat
 85547 | Zig:5    | Noticed an orb of fire
 85560 | Zig:5    | Gained mutation: Armour fits poorly on your strangely shaped body. [an orb of fire]
 85563 | Zig:5    | Killed an orb of fire
 85600 | Zig:6    | Entered Level 6 of a ziggurat
 85648 | Zig:6    | Got a clouded lead ring
 85663 | Zig:6    | Identified the ring of Koluriru {rF+++ MR+ MP-9 Dex-2 Stlth-} (You found it on level 6 of a ziggurat)
 85712 | Zig:7    | Entered Level 7 of a ziggurat
 85736 | Zig:7    | Reached skill level 5 in Axes
 85766 | Zig:7    | Identified the Tome of Enchantment and Confrontation
 85768 | Zig:7    | Got an ancient silver ring
 85777 | Zig:7    | Identified the ring "Hirichot" {*Drain rElec rPois MR- Dex+4} (You found it on level 7 of a ziggurat)
 85779 | Zig:7    | Identified a +5 rod of clouds (13/13) (You found it on level 5 of a ziggurat)
 85791 | Zig:7    | Learned a level 5 spell: Silence
 85792 | Zig:8    | Entered Level 8 of a ziggurat
 85819 | Zig:8    | Got a crude lapis lazuli ring
 85855 | Zig:8    | Identified the ring of the Nightingale {+/*Tele +Blink Stlth+} (You found it on level 8 of a ziggurat)
 85915 | Zig:9    | Entered Level 9 of a ziggurat
 86179 | Zig:9    | Learned a level 2 spell: Blink
 86215 | Zig:10   | Entered Level 10 of a ziggurat
 86520 | Zig:10   | HP: 12/337 [troll[the rage of Trog] (9)]
 86521 | Zig:10   | Slain by an iron troll

Vault maps used:
D:1:      dpeg_arrival_three_bigger_balls, lexackson_kobold_supper
D:3:      yredelemnul_altar_generic, first_bread
D:4:      minmay_temple_entry_grid
D:5:      lemuel_doored_altar
D:6:      nrook_loot_triangle, mrwooster_statue_mirror,
          kennysheep_generic_room_4, uniq_blork_the_orc, uniq_sigmund
D:7:      enter_bailey_2, nemelex_xobeh_ov_fountains_minmay,
          uniq_crazy_yiuf_cottage
D:8:      grunt_temple_overflow_open, grunt_lair_entry_elf_guard_hut,
          hangedman_tree_tricks, uniq_erica, uniq_psyche
D:9:      nicolae_ru_the_path_less_chosen, fedhas_bush_and_centaur_altar,
          grunt_qazlal_sundering, spider_trap
D:10:     enter_trove_1, serial_shops, shop, okawaru_ov_weapons_minmay
D:11:     orc_0_dummy
D:12:     serial_shops, nicolae_shop_trees
D:13:     portal_ice_cave_entry_ice_beasts, uniq_maud, uniq_azrael, uniq_erolcha
D:14:     david_vaults_5, old_standard_altar
D:15:     grunt_enter_depths_giant_problem, small_statue_alley_a,
          grunt_dithmenos_smoke
Temple:   circular_temple_12
Lair:1:   grunt_forest_small_clearing_treed, grunt_megastairs_2,
          serial_bayou_shore_b, uniq_grum
Lair:2:   bh_chokoban, st_stairs_4
Lair:3:   serial_bayou_shore_b, infiniplex_staircase_pool
Lair:4:   spider_nest_entry_rubble, special_room, grunt_forest_stairs_basic,
          grunt_megastairs_3, lemuel_fruit_tree, serial_bayou_shore_b
Lair:5:   swamp_mist, minivault_24, serial_bayou_pond_e, serial_bayou_shore_a,
          grunt_megastairs_1, infiniplex_staircase_pool_2, uniq_snorg
Lair:6:   worms_lemuel
Lair:7:   slime_altar_1, serial_bayou_shore_b, lemuel_fruit_fields,
          serial_bayou_shore_b
Lair:8:   evilmike_catoblepas_cave
Swamp:1:  serial_swamp_ruin, evilmike_swamp_ruin_rubble_2,
          evilmike_swamp_ruin_house_6, evilmike_swamp_ruin_house_1,
          nicolae_swamp_baby_hydras
Swamp:2:  nicolae_swamp_dense_foliage
Swamp:3:  nicolae_swamp_very_dense_foliage, swamp_pool4
Swamp:4:  swamp_old_school, swamp_pool3
Spider:4: spider_rune_water, spiders_nest_ghost_moth_duel
Slime:1:  basic_altar
Slime:4:  uniq_dissolution
Orc:1:    special_room, serial_shops, nicolae_shop_trees, basic_altar
Orc:2:    serial_shops, nicolae_shop_waterfront, basic_altar
Orc:3:    serial_shops, shop, shop, nicolae_shop_trees, shop,
          nicolae_orc_pool_cavern
Orc:4:    st_orc_open, led_sif_book
Elf:1:    elf_arrival_001, serial_shops, nicolae_shop_crystal, orc_legates,
          uniq_nikola, uniq_asterion, uniq_frances, uniq_aizul
Elf:2:    serial_shops, shop, st_stairs_6, amethyst_killhole
Elf:3:    grunt_elf_hall_diamonds, serial_shops, shop, uniq_norris
Vaults:1: st_squares, grunt_vaults_funnel, nicolae_vaults_little_ls,
          vaults_room_semicircle, nicolae_vaults_yaktaur_gun_rack
Vaults:2: hangedman_vaults_variations, hangedman_vaults_maws,
          ontoclasm_vaults_ring_small, nicolae_vaults_asterisk,
          nicolae_vaults_little_squares_4, ontoclasm_vaults_claustrophobia,
          nicolae_vaults_rhombus_5, vaults_room_stairs_pillars,
          vaults_mumra_hex, minmay_crypt_entry_nasty_monster, vaults_room_boxed,
          grunt_vaults_hallway_long, nicolae_vaults_rhombus_5
Vaults:3: vaults_dpeg_hooks, nicolae_vaults_windows_and_doors_thing,
          vaults_room_grid, hangedman_vaults_snaps, vaults_room_corners,
          nicolae_vaults_big_ls, hangedman_vaults_nodes,
          nicolae_vaults_ninety_degrees, v_alt_pattern_3, grunt_vaults_focal,
          v_misc_13, v_misc_15, serial_shops, shop
Vaults:4: kennysheep_vaults_gozag_temple, v_misc_28,
          hangedman_vaults_stretched_pinwheel, hangedman_vaults_locks,
          ontoclasm_vaults_ring_large, vaults_room_pool, vaults_mumra_minichess,
          v_misc_5, vaults_room_pool, ontoclasm_vaults_misaligned,
          vaults_dpeg_cross
Crypt:1:  st_stairs_7, uniq_jorgrun
Crypt:2:  hangedman_weighted_door
Crypt:3:  quadcrypt_mu, uniq_sojobo, uniq_donald
Depths:1: ashenzari_altar_1, hangedman_coc_ice_floe, grunt_pan_entry_in_and_out,
          grunt_tough_drop
Depths:2: grunt_bruiser_brothers, pf_hell_entry_great_geh, tso_metal_star
Depths:3: grunt_deathspiral_small, enter_ziggurat_a, pan_entry,
          grunt_hell_entry_dis_mu, tgw_lugonu_bribe, serial_bayou_shore_b,
          infiniplex_staircase_zigzag_1, uniq_saint_roka
Depths:4: grunt_x_marks_the_spot, pf_hell_entry_tar_spiral,
          abyss_entry_flame_altar, hangedman_decor_growths, moated_statue,
          sword_in_stone
Depths:5: evilmike_zot_entry_gauntlet, hell_entry, minmay_misc_feat_five,
          minmay_misc_feat_x, uniq_margery
Zot:4:    circus_mu, st_small_dragon_hoard_4
Zot:5:    st_stairs_11
Zig:9:    ziggurat_pillar_centre_oklobs
Zig:10:   ziggurat_loot_2

Action                   |  1- 3 |  4- 6 |  7- 9 | 10-12 | 13-15 | 16-18 | 19-21 | 22-24 | 25-27 || total
-------------------------+-------+-------+-------+-------+-------+-------+-------+-------+-------++-------
Melee: Mace              |   128 |   156 |   468 |   282 |       |       |       |       |       ||  1034
       Flail             |       |       |       |   318 |   618 |       |       |       |       ||   936
       Giant club        |       |       |       |       |   617 |   820 |   963 |  1262 |  2220 ||  5882
       Executioner's axe |       |       |       |       |       |       |       |       |   142 ||   142
Throw: Stone             |   109 |    14 |    39 |     4 |       |       |       |       |       ||   166
       Tomahawk          |       |     9 |    17 |    77 |   265 |       |    54 |    11 |    14 ||   447
       Javelin           |       |       |    14 |    33 |    47 |   195 |   145 |    39 |   119 ||   592
       Large rock        |       |       |       |    48 |    75 |    99 |    72 |    63 |   346 ||   703
Invok: Berserk           |       |     2 |     7 |    11 |     1 |     5 |     5 |     5 |     7 ||    43
       Trog's Hand       |       |       |     1 |     2 |       |    12 |     3 |     1 |     9 ||    28
       Brothers in Arms  |       |       |       |     1 |       |     1 |       |       |     6 ||     8
Evoke: Wand              |       |       |       |     5 |     4 |     4 |     1 |       |     2 ||    16
       Horn of Geryon    |       |       |       |       |       |       |       |       |     1 ||     1
  Use: Scroll            |       |     2 |     9 |    15 |    21 |    11 |    12 |     6 |    27 ||   103
       Potion            |       |       |     3 |     7 |       |     5 |     2 |       |     8 ||    25
 Stab: Sleeping          |       |       |     1 |       |     4 |       |     1 |       |       ||     6
       Distracted        |       |       |       |       |     1 |       |       |       |     2 ||     3
       Confused          |       |       |       |       |       |     2 |       |       |     1 ||     3
       Invisible         |       |       |       |       |       |       |    12 |       |       ||    12
  Eat: Chunk             |     2 |     7 |    28 |    28 |    32 |    32 |    31 |    36 |    32 ||   228
       Fruit             |       |       |       |     7 |     3 |    14 |    13 |     8 |    18 ||    63
       Meat ration       |       |       |       |     1 |     2 |       |       |       |     4 ||     7
       Beef jerky        |       |       |       |     1 |     3 |       |       |       |     1 ||     5
       Bread ration      |       |       |       |       |     1 |       |       |       |     3 ||     4
       Pizza             |       |       |       |       |       |       |       |       |    14 ||    14
